 Dungeon Crawl Stone Soup version 0.27-a0-1149-g4505690ab0 (webtiles) character file.

Game seed: 4228091216162562787

490 leviel the Chopper (level 6, -12/57 HPs)
             Began as a Minotaur Fighter on May 14, 2021.
             Blown up by Ijyb (21 damage)
             ... with a mindburst bolt
             ... on level 4 of the Dungeon.
             The game lasted 00:04:00 (3091 turns).

leviel the Chopper (Minotaur Fighter)               Turns: 3091, Time: 00:04:01

Health: -12/57     AC: 11    Str: 22    XL:     6   Next: 90%
Magic:  5/5        EV:  4    Int:  5    God:
Gold:   127        SH:  9    Dex: 10    Spells: 5/5 levels left

rFire    . . .     SeeInvis .   a - +0 war axe
rCold    + . .     Faith    .   c - +0 kite shield
rNeg     . . .     Spirit   .   n - +0 plate armour {rC+}
rPois    .         Reflect  .   (helmet restricted)
rElec    .         Harm     .   (no cloak)
rCorr    .         Rampage  .   (no gloves)
Will     .....                  (no boots)
Stlth    ..........             (no amulet)
HPRegen  0.19/turn              l - +4 ring of slaying
MPRegen  0.09/turn              (no ring)

@: lethally poisoned (-12 -> -20)
A: horns 2, retaliatory headbutt
a: no special abilities


You were on level 4 of the Dungeon.
You visited 1 branch of the dungeon, and saw 4 of its levels.

You collected 127 gold pieces.

Inventory:

Hand Weapons
 a - a +0 war axe (weapon)
Armour
 c - a +0 kite shield (worn)
 n - a +0 plate armour of cold resistance (worn)
Jewellery
 l - a +4 ring of slaying (left hand)
 q - a ring of wizardry
Wands
 o - a wand of charming (10)
Scrolls
 g - a scroll of acquirement {unknown}
 i - a scroll of holy word {unknown}
 k - 2 scrolls of identify {unknown}
 r - a scroll of teleportation {unknown}
 s - a scroll of fog {unknown}
Potions
 b - a potion of attraction {unknown}
 e - a potion of degeneration {unknown}
 f - a potion of heal wounds {unknown}
 h - a potion of berserk rage {unknown}
 j - a potion of lignification {unknown}
 m - a potion of magic
 p - a potion of mutation {unknown}


   Skills:
 + Level 6.1 Fighting
 * Level 7.5 Axes
 - Level 3.6 Armour
 - Level 3.6 Shields


You had 5 spell levels left.
You didn't know any spells.
Your spell library contained the following spells:

 Spells                   Type           Power      Damage    Failure   Level
 Animate Skeleton         Necr           0%         N/A       100%        1
 Pain                     Necr           0%         1d4       100%        1
 Confusing Touch          Hex            0%         N/A       100%        3
 Gell's Gravitas          Tloc           0%         N/A       100%        3
 Vampiric Draining        Necr           0%         2d6       100%        3
 Animate Dead             Necr           0%         N/A       100%        4
 Petrify                  Tmut/Erth      0%         N/A       100%        4
 Agony                    Necr           0%         N/A       100%        5
 Metabolic Englaciation   Hex/Ice        0%         N/A       100%        5
 Yara's Violent Unravell  Hex/Tmut       0%         3d3       100%        5


Dungeon Overview and Level Annotations

Branches:
Dungeon (4/15)
 Temple: D:4-7

Altars:
Dithmenos

Annotations:
D:4 Ijyb


Innate Abilities, Weirdness & Mutations

You have a pair of horns on your head.
You reflexively headbutt those who attack you in melee.


Message History

The hound skeleton bites you but does no damage.
You barely miss the hound skeleton.
You block the hound skeleton's attack. x2
You slash the hound skeleton!
The hound skeleton is severely damaged.
The hound skeleton bites you but does no damage. x2
You slice the hound skeleton!!
You destroy the hound skeleton!
No target in view!
No target in view!
No target in view!
No target in view!
No target in view!
No target in view!
No target in view!
No target in view!
You now have 127 gold pieces (gained 7).
Found 18 arrows.
A hobgoblin comes into view.
The hobgoblin shouts!
The hobgoblin falls through a shaft!
The shaft crumbles and collapses.
Ijyb the Twisted Goblin comes into view.
She is wielding a +0 dagger of venom and carrying a wand of mindburst (6).
Found a leather armour.
Ijyb zaps a wand.
Your mind is blasted!
Your shield and plate armour prevent you from hitting Ijyb.
Ijyb zaps a wand.
Your mind is blasted!
* * * LOW HITPOINT WARNING * * *
You are too injured to fight recklessly!
You are too injured to fight recklessly!
It was a potion of magic.
Magic courses through your body. Ijyb closely misses you.
You hit Ijyb.
Ijyb is moderately wounded.
You block Ijyb's attack. Ijyb hits you but does no damage.
You are poisoned.
You completely miss Ijyb. Your headbutt misses Ijyb.
Ijyb is moderately wounded.
* * * LOW HITPOINT WARNING * * *
You feel very sick.
Ijyb zaps a wand.
Your mind is blasted!
You die...

###...##.## #..
######..####. ##....#<
####.#. ########## #.#.
#........# #.## #$.....[.#
#... #....g...# ###. ##
#...@# #. #...###..### ##
#.......## #. #...###.#
#####. #..(##..# ###.....
#.......##### #...####
#...#.#.....########.###
..................##.######
##..#######...###..........


You could see Ijyb.

Vanquished Creatures
  An ice beast (D:4)
  A scorpion (D:4)
  A hound (D:4)
  An orc priest (D:3)
  Jessica (D:2)
  2 orc wizards (D:3)
  A killer bee zombie (D:4)
  A hound skeleton (D:4)
  4 gnolls (D:2)
  4 adders
  An adder skeleton (D:4)
  3 worms
  3 dart slugs
  4 orcs
  9 bats
  4 endoplasms
  5 giant cockroaches
  8 goblins
  5 hobgoblins
  5 jackals (D:3)
  2 quokkas (D:2)
  7 ball pythons
  3 frilled lizards
  3 kobolds
  5 rats
84 creatures vanquished.

Notes
Turn   | Place    | Note
-------+----------+-------------------------------------------
     0 | D:1      | leviel the Minotaur Fighter began the quest for the Orb.
     0 | D:1      | Reached XP level 1. HP: 19/19 MP: 0/0
    72 | D:1      | Reached skill level 3 in Axes
   160 | D:1      | Reached XP level 2. HP: 27/27 MP: 1/1
   197 | D:1      | Found a faded altar of an unknown god.
   899 | D:2      | Reached XP level 3. HP: 33/33 MP: 2/2
   924 | D:2      | Reached skill level 4 in Axes
   931 | D:2      | Reached XP level 4. HP: 24/41 MP: 3/3
  1102 | D:2      | Noticed Jessica
  1107 | D:2      | Killed Jessica
  1207 | D:2      | Reached skill level 5 in Axes
  1705 | D:3      | Reached XP level 5. HP: 47/47 MP: 4/4
  1749 | D:3      | Reached skill level 5 in Fighting
  2055 | D:3      | Found a shadowy altar of Dithmenos.
  2068 | D:3      | Reached skill level 6 in Axes
  2766 | D:4      | Reached XP level 6. HP: 56/56 MP: 5/5
  2978 | D:4      | Noticed an ice beast
  2983 | D:4      | Killed an ice beast
  2984 | D:4      | Reached skill level 7 in Axes
  3084 | D:4      | Noticed Ijyb
  3091 | D:4      | Blown up by Ijyb

Illustrated notes

Levels and vault maps discovered:
D:1:      sevenhm_arrival_forest_fort_large_4, layout_basic,
          hellmonk_ecumenical_altar_blasted, chequers_serial_rivers_micro_a,
          columned_hall_lemuel
D:2:      layout_rooms, minmay_randomly_rotated_circles, uniq_jessica
D:3:      layout_loops_ring, nicolae_overflow_crystal_walls
D:4:      layout_rooms, grunt_temple_overflow_bloody_war,
          nemelex_spade_bored_becter, serial_bayou_pond_e, uniq_ijyb

Skill      XL: |  1  2  3  4  5  6 |
---------------+-------------------+-----
Axes           | 3 4 5 6 7 |  7.5
Fighting       | 4 5 6 |  6.1
Armour         | |  3.6
Shields        | |  3.6

Action                   |  1- 3 |  4- 6 || total
-------------------------+-------+-------++-------
Melee: War axe           |    62 |    87 ||   149
       Headbutt          |     7 |    17 ||    24
  Use: Potion            |       |     2 ||     2
Armor: Scale mail        |    36 |     7 ||    43
       Plate armour      |       |    59 ||    59
Dodge: Dodged            |    17 |    12 ||    29
Block: Kite shield       |    34 |    41 ||    75

Table legend: (Time is in decaauts)
 A = Elapsed time spent in this place.
 B = Non-inter-level travel time spent in this place.
 C = Inter-level travel time spent in this place.
 D = Time resting spent in this place.
 E = Time spent auto-exploring this place.
 F = Levels seen in this place.
 G = Mean time per level.
                   A        B        C        D        E       F      G
               +--------+--------+--------+--------+--------+-----+--------+
         Total |   3164 |   3076 |     88 |    344 |   2288 |   4 |  791.0 |
       Dungeon |   3164 |   3076 |     88 |    344 |   2288 |   4 |  791.0 |
               +--------+--------+--------+--------+--------+-----+--------+

Top non-repeatable levels by time:
     D:3: 1026 daAuts
     D:2: 890 daAuts
     D:1: 858 daAuts
     D:4: 389 daAuts
